 Dungeon Crawl Stone Soup version 0.18.1-8-gdd0e5ea (webtiles) character file.

171 epen the Shooter (level 5, -3/45 HPs)
             Began as a Centaur Hunter on May 21, 2016.
             Killed by divine providence
             ... invoked by an orc priest
              (13 damage)
             ... on level 2 of the Dungeon.
             The game lasted 00:04:15 (2340 turns).

epen the Shooter (Centaur Hunter)                   Turns: 2340, Time: 00:04:16

Health: -3/45      AC:  9    Str: 15    XL:     5   Next: 26%
Magic:  5/5        EV: 10    Int: 10    God:
Gold:   77         SH:  0    Dex: 10    Spells: 0 memorised, 4 levels left

rFire  . . .     SeeInvis .     b - +0 short sword
rCold  . . .     Gourm    .     c - +0 leather armour
rNeg   . . .     Faith    .     (no shield)
rPois  .         Spirit   .     l - +0 helmet
rElec  .         Dismiss  .     (no cloak)
rCorr  .         Reflect  .     t - +0 pair of gloves
SustAt .         Harm     .     (no barding)
MR     .....                    (no amulet)
Stlth  +.........               (no ring)
                                s - +3 ring of protection

@: very quick, not resistant to hostile enchantments, very unstealthy
A: hooves 3, deformed body, speed 2, tough skin 3
a: no special abilities


You were on level 2 of the Dungeon.
You were not hungry.

You visited 1 branch of the dungeon, and saw 3 of its levels.

You collected 77 gold pieces.

Inventory:

Hand Weapons
 a - a +1 shortbow
 b - a +0 short sword (weapon)
Missiles
 d - 53 arrows
Armour
 c - a +0 leather armour (worn)
 l - a +0 helmet (worn)
 t - a +0 pair of gloves (worn)
Jewellery
 s - a +3 ring of protection (left hand)
Scrolls
 e - a scroll of amnesia {unknown}
 j - a scroll of remove curse {unknown}
 k - a scroll of random uselessness {unknown}
 m - 3 scrolls of immolation {unknown}
 o - a scroll of identify {unknown}
 p - a scroll of enchant armour {unknown}
 v - a scroll of magic mapping {unknown}
Potions
 i - 2 potions of lignification {unknown}
 n - a potion of curing {unknown}
 q - a potion of mutation {unknown}
 r - 2 potions of agility {unknown}
Comestibles
 f - a bread ration
 g - 2 beef jerkies
 h - a meat ration
 u - 5 chunks of flesh


   Skills:
 + Level 3.0 Fighting
 + Level 0.6 Short Blades
 * Level 6.4 Bows
 + Level 1.0 Armour
 * Level 2.4 Dodging
 - Level 0.5 Stealth
 - Level 1.0 Unarmed Combat


You had 4 spell levels left.
You didn't know any spells.

Dungeon Overview and Level Annotations

Branches:
Dungeon (3/15)

Altars:


Innate Abilities, Weirdness & Mutations

You have hooves in place of feet.
Armour fits poorly on your strangely shaped body.
You cover ground very quickly.
You have extremely tough skin (AC +3).


Message History

Your kick misses the orc priest.
The orc priest is heavily wounded.
The orc priest hits you with a flail.
You hit the orc priest but do no damage.
The orc priest is heavily wounded.
The orc priest hits you but does no damage.
You closely miss the orc priest.
The orc priest is heavily wounded.
The orc priest hits you but does no damage.
You hit the orc priest.
The orc priest is heavily wounded.
The orc priest hits you with a flail!
* * * LOW HITPOINT WARNING * * *
You are too injured to fight recklessly!
You are too injured to fight recklessly!
You hit the orc priest.
The orc priest is severely wounded.
The orc priest invokes the aid of Beogh against you.
Beogh smites you!
You die...

...............#### #.#######.#
..................####.#...# #.#
.........######...........## #.#
.........### #...........# #.#
...........# ##..........####.##
...........#####.................
....###....#........######.###.##
....# #....#....o...# #.###.##
....# #....#....@...# #.#...#.
....# #....#........# #.....#.
....########........# #....##.
....................######.......
....................+........####
....................#######..#
.............#......<##...#..####
.............#.########.#.#.....#
........................#.##.##.#


You could see an orc priest.

Vanquished Creatures
  A centaur (D:3)
  3 adders (D:2)
  A worm (D:2)
  3 dart slugs
  A giant gecko (D:1)
  4 orcs
  2 giant cockroaches
  5 hobgoblins
  A ball python (D:1)
  2 bats (D:1)
  2 giant newts (D:1)
  9 goblins
  9 kobolds
  7 rats
50 creatures vanquished.

Notes
Turn   | Place    | Note
--------------------------------------------------------------
     0 | D:1      | epen the Centaur Hunter began the quest for the Orb.
     0 | D:1      | Reached XP level 1. HP: 17/17 MP: 1/1
   173 | D:1      | Reached XP level 2. HP: 23/24 MP: 2/2
   907 | D:2      | Reached XP level 3. HP: 10/30 MP: 3/3
  1685 | D:2      | Reached skill level 1 in Unarmed Combat
  1911 | D:2      | Reached XP level 4. HP: 37/37 MP: 4/4
  2016 | D:2      | Reached skill level 6 in Bows
  2205 | D:3      | Noticed a centaur
  2326 | D:3      | Killed a centaur
  2326 | D:3      | Reached skill level 1 in Armour
  2326 | D:3      | Reached XP level 5. HP: 20/45 MP: 5/5
  2340 | D:2      | Killed from afar by an orc priest

Skill      XL: |  1  2  3  4 |
---------------+-------------+-----
Unarmed Combat | 1 |  1.0
Bows           | 6 |  6.4
Dodging        | 2 |  2.4
Fighting       | 3 |  3.0
Armour         | 1 |  1.0
Short Blades   | |  0.6
Stealth        | |  0.5

Action                   |  1- 3 |  4- 6 || total
-------------------------+-------+-------++-------
Melee: Short sword       |    68 |    55 ||   123
       Kick              |    13 |     9 ||    22
 Fire: Shortbow          |    67 |     4 ||    71
  Eat: Chunk             |     2 |     1 ||     3
Armor: Leather armour    |    39 |    20 ||    59
Dodge: Dodged            |    38 |    35 ||    73
